 Dungeon Crawl Stone Soup version 0.25-a0-420-g1cc7eeb0d1 (webtiles) character file.

Game seed: 8294023565476938127, levelgen mode: deterministic

15327 Borgoz the Carver (level 12, -39/76 HPs)
             Began as a Gargoyle Berserker on Jan 18, 2020.
             Was a High Priest of Trog.
             Annihilated by a titanic slime creature (49 damage)
             ... on level 12 of the Dungeon.
             The game lasted 00:13:49 (10021 turns).

Borgoz the Carver (Gargoyle Berserker)             Turns: 10021, Time: 00:13:50

Health: -39/76     AC: 23    Str: 26    XL:     12   Next: 25%
Magic:  12/12      EV: 21    Int: 11    God:    Trog [*****.]
Gold:   888        SH:  0    Dex: 12    Spells: 11/11 levels left

rFire    . . .     SeeInvis .   H - +6 great sword (flame)
rCold    . . .     Gourm    .   (shield currently unavailable)
rNeg     + . .     Faith    .   u - +0 ring mail of the Wasteland {Str+4 Int+2 Slay+5} (curse)
rPois    ∞         Spirit   .   v - +0 helmet
rElec    +         Reflect  .   K - +0 cloak (curse)
rCorr    .         Harm     +   D - +2 pair of gloves
MR       .....                  z - +0 pair of boots
Stlth    ..........             m - amulet of harm
HPRegen  0.22/turn              p - ring of attention (curse)
MPRegen  0.13/turn              w - +5 ring of evasion

@: no status effects
A: negative energy resistance 1, electricity resistance, unbreathing,
petrification resistance, rot immunity, AC +8
a: Berserk, Trog's Hand, Brothers in Arms, Renounce Religion


You were on level 12 of the Dungeon.
You worshipped Trog.
Trog was extremely pleased with you.
You were not hungry.

You visited 1 branch of the dungeon, and saw 12 of its levels.

You collected 888 gold pieces.

Inventory:

Hand Weapons
 H - a +6 great sword of flaming (weapon)
Missiles
 g - 2 throwing nets (quivered)
Armour
 u - the cursed +0 ring mail of the Wasteland (worn) {Str+4 Int+2 Slay+5}
   (You found it on level 4 of the Dungeon)

   It affects your strength (+4).
   It affects your intelligence (+2).
   It affects your accuracy and damage with ranged weapons and melee attacks
   (+5).
   It has a curse placed upon it.
 v - a +0 helmet (worn)
 z - a +0 pair of boots (worn)
 D - a +2 pair of gloves (worn)
 K - a cursed +0 cloak (worn)
Jewellery
 m - an amulet of harm (around neck)
 p - a cursed ring of attention (left hand)
 r - an uncursed ring of resist corrosion
 w - a +5 ring of evasion (right hand)
Wands
 b - a wand of paralysis (11)
 h - a wand of iceblast (21)
 F - a wand of scattershot (8)
 I - a wand of clouds (4)
Scrolls
 a - 2 scrolls of blinking {unknown}
 d - 6 scrolls of remove curse {unknown}
 i - a scroll of holy word {unknown}
 j - 6 scrolls of enchant armour {unknown}
 k - a scroll of identify
 o - a scroll of fog
 t - 2 scrolls of enchant weapon {unknown}
 y - 3 scrolls of amnesia {unknown}
 B - a scroll of immolation
 C - 7 scrolls of teleportation
 G - 3 scrolls of magic mapping
Potions
 e - a potion of cancellation
 f - 4 potions of haste
 n - 2 potions of might
 q - 6 potions of heal wounds
 s - 2 potions of berserk rage
 x - 3 potions of curing
 A - 5 potions of agility
 E - a potion of mutation
Comestibles
 c - 23 rations
 l - a chunk of flesh


   Skills:
 + Level 9.4 Fighting
 * Level 10.8 Long Blades
 + Level 9.0 Armour
 * Level 9.7 Dodging


You had 11 spell levels left.
You didn't know any spells.
Your spell library was empty.

Dungeon Overview and Level Annotations

Branches:
Dungeon (12/15)            Temple (0/1) D:6            Lair (0/6) D:11
    Orc (0/2) D:10

Altars:
Ashenzari
Cheibriados
Dithmenos
Elyvilon
Fedhas
Hepliaklqana
Kikubaaqudgha
Makhleb
Ru
Sif Muna
Trog
Vehumet
Zin
The Shining One

Shops:
D:4 =}}   D:11 *(


Innate Abilities, Weirdness & Mutations

You are resistant to torment.
Your stone body is resilient. (AC +8)
You are immune to poison.
You resist negative energy. (rN+)
You are resistant to electric shocks. (rElec)
You can survive without breathing.
You are immune to petrification.
You are immune to rotting.


Message History

Two slime creatures merge to form a titanic slime creature.
You slice the titanic slime creature!! You burn the titanic slime creature!
The titanic slime creature is heavily wounded.
You slice the titanic slime creature!! You burn the titanic slime creature!
The titanic slime creature is heavily wounded.
The titanic slime creature hits you!!
You barely miss the titanic slime creature.
The titanic slime creature is heavily wounded.
The titanic slime creature completely misses you.
You riposte.
You slash the titanic slime creature! You burn the titanic slime creature.
The titanic slime creature is heavily wounded.
You slash the titanic slime creature! You burn the titanic slime creature.
The titanic slime creature is severely wounded.
The titanic slime creature hits you!!!
Ouch! That really hurt!
* * * LOW HITPOINT WARNING * * *
The titanic slime creature hits you!!!
Ouch! That really hurt!
You die...

#. #. #. # ##.
##.. $.## .....
#######.###......
##....>...@J......
#......#.###......
#..###.#.# ...##
#........# ###
#.####.###
#......#
#.###..###.......
#......#^########
######.#....#


You could see a titanic slime creature.

Vanquished Creatures
  Harold (D:9)
  A hydra (D:11)
  Erica (D:9)
  A centaur warrior (D:11)
  A two-headed ogre (D:9)
  2 unseen horrors
  An ugly thing (D:11)
  Maurice (D:9)
  An elephant (D:11)
  A gargoyle (D:12)
  3 centaur skeletons
  A troll (D:12)
  A hornet (D:8)
  3 hippogriffs
  Prince Ribbit (D:7)
  6 yaks
  A wraith (D:11)
  A basilisk (D:11)
  2 hungry ghosts
  Menkaure (D:7)
  A soldier ant (D:8)
  An acid dragon (D:11)
  A water moccasin (D:10)
  A black bear (D:7)
  4 sky beasts
  2 ice beasts
  6 orc warriors
  7 ogres
  10 centaurs
  A crocodile (D:11)
  2 big kobolds
  A wyvern zombie (D:10)
  7 bullfrogs
  A water moccasin skeleton (D:9)
  A wyvern skeleton (D:7)
  3 scorpions
  4 killer bees (D:8)
  8 wights
  8 howler monkeys
  5 crimson imps
  2 jellies (D:11)
  2 centaur zombies
  6 orc priests
  7 hounds
  11 orc wizards
  A bullfrog skeleton (D:10)
  12 worker ants
  An iguana (D:3)
  A statue (D:4)
  A killer bee zombie (D:6)
  A hound skeleton (D:4)
  3 worker ant zombies
  Robin (D:3)
  10 adders
  5 shadow imps
  An ooze (D:1)
  2 adder skeletons
  2 worms (D:2)
  A dart slug (D:2)
  3 leopard geckos
  87 orcs
  4 ball pythons
  5 bats
  4 giant cockroaches
  15 goblins
  6 hobgoblins
  16 jackals
  10 kobolds
  5 quokkas
  6 frilled lizards
  A leopard gecko zombie (D:6)
  2 quokka zombies (D:5)
  4 rats
343 creatures vanquished.

Notes
Turn   | Place    | Note
-------+----------+-------------------------------------------
     0 | D:1      | Borgoz the Gargoyle Berserker began the quest for the Orb.
     0 | D:1      | Reached XP level 1. HP: 14/14 MP: 1/1
   137 | D:1      | Reached XP level 2. HP: 18/19 MP: 2/2
   521 | D:1      | Reached skill level 3 in Long Blades
   714 | D:1      | Reached XP level 3. HP: 17/23 MP: 3/3
  1319 | D:2      | Reached XP level 4. HP: 21/29 MP: 4/4
  1697 | D:2      | Found a burning altar of Makhleb.
  1974 | D:3      | Reached ** piety under Trog
  2064 | D:3      | Found a faded altar of an unknown god.
  2230 | D:3      | Found a sacrificial altar of Ru.
  2552 | D:3      | Noticed Robin
  2571 | D:3      | Reached XP level 5. HP: 33/33 MP: 5/5
  2599 | D:3      | Killed Robin
  2851 | D:3      | Reached skill level 4 in Long Blades
  3307 | D:4      | Found Fagayfe's Jewellery Shop.
  3418 | D:4      | Reached *** piety under Trog
  3418 | D:4      | Reached XP level 6. HP: 36/38 MP: 6/6
  3593 | D:4      | Found Foeggera's Gadget Emporium.
  3604 | D:4      | Got a spiked ring mail
  3615 | D:4      | Identified the cursed +0 ring mail of the Wasteland {Str+4
                  | Int+2 Slay+5} (You found it on level 4 of the Dungeon)
  3668 | D:4      | Found a radiant altar of Vehumet.
  3976 | D:4      | Found Wiwimad's Gadget Shoppe.
  4275 | D:5      | Entered Level 5 of the Dungeon
  4302 | D:5      | Noticed a sky beast
  4316 | D:5      | Killed a sky beast
  4363 | D:5      | Reached XP level 7. HP: 35/44 MP: 7/7
  4400 | D:5      | Reached skill level 5 in Long Blades
  4717 | D:5      | Reached skill level 5 in Fighting
  4717 | D:5      | Reached XP level 8. HP: 49/49 MP: 8/8
  5006 | D:5      | Reached **** piety under Trog
  5277 | D:6      | Reached skill level 6 in Long Blades
  5277 | D:6      | Reached skill level 5 in Dodging
  5406 | D:6      | Reached skill level 5 in Armour
  5574 | D:6      | Found a blossoming altar of Fedhas.
  5574 | D:6      | Found an ancient bone altar of Kikubaaqudgha.
  5578 | D:6      | Found a shadowy altar of Dithmenos.
  5578 | D:6      | Found a shattered altar of Ashenzari.
  5580 | D:6      | Found a snail-covered altar of Cheibriados.
  5614 | D:6      | Found a hazy altar of Hepliaklqana.
  5735 | D:6      | Found a staircase to the Ecumenical Temple.
  5852 | D:7      | Reached XP level 9. HP: 52/55 MP: 9/9
  5880 | D:7      | Noticed Prince Ribbit
  5888 | D:7      | Killed Prince Ribbit
  5908 | D:7      | Reached skill level 7 in Long Blades
  5955 | D:7      | Noticed Menkaure
  5960 | D:7      | Killed Menkaure
  6048 | D:7      | Reached ***** piety under Trog
  6048 | D:7      | Received a gift from Trog
  6369 | D:7      | Found a glowing golden altar of the Shining One.
  6933 | D:8      | Reached XP level 10. HP: 57/61 MP: 10/10
  7014 | D:8      | Reached skill level 8 in Long Blades
  7152 | D:8      | Found a white marble altar of Elyvilon.
  7636 | D:9      | Received a gift from Trog
  7648 | D:9      | Noticed a two-headed ogre
  7656 | D:9      | Killed a two-headed ogre
  7726 | D:9      | Noticed Harold
  7733 | D:9      | Killed Harold
  7805 | D:9      | Found a bloodstained altar of Trog.
  7805 | D:9      | Found a shimmering blue altar of Sif Muna.
  7892 | D:9      | Noticed Erica
  7910 | D:9      | Killed Erica
  7910 | D:9      | Reached skill level 9 in Long Blades
  8064 | D:9      | Noticed Maurice
  8065 | D:9      | Paralysed by Maurice for 4 turns
  8070 | D:9      | Killed Maurice
  8070 | D:9      | Reached XP level 11. HP: 68/68 MP: 11/11
  8537 | D:10     | Entered Level 10 of the Dungeon
  8651 | D:10     | Found a staircase to the Orcish Mines.
  8668 | D:10     | Received a gift from Trog
  9066 | D:10     | Identified Viskaergh's Reference Book on Creative
                  | Enhancements
  9215 | D:11     | Reached skill level 10 in Long Blades
  9235 | D:11     | Found a staircase to the Lair.
  9334 | D:11     | Noticed an angel
  9362 | D:11     | Noticed a six-headed hydra
  9364 | D:11     | Found a glowing silver altar of Zin.
  9398 | D:11     | Killed a six-headed hydra
  9423 | D:11     | Found Cenog's Weapon Shoppe.
  9431 | D:11     | Killed an unseen horror
  9433 | D:11     | Noticed a centaur warrior
  9439 | D:11     | Killed a centaur warrior
  9544 | D:11     | Found Nethrut's Hallowed Reliquary.
  9573 | D:11     | Reached XP level 12. HP: 76/76 MP: 12/12
  9647 | D:11     | Received a gift from Trog
 10021 | D:12     | Annihilated by a titanic slime creature

Levels and vault maps discovered:
D:1:      nzn_arrival_water_spiral, layout_basic
D:2:      layout_basic, bloody_makhleb
D:3:      layout_basic, marbit_many_paths, chequers_ecumenical_altar_simple,
          uniq_robin
D:4:      layout_layer_cave, vehumet_statue, serial_shops, shop, shop, shop
D:5:      layout_basic, first_ration
D:6:      layout_rooms, grunt_temple_overflow_open,
          minmay_temple_entry_glassed_door
D:7:      layout_basic, tso_metal_star, uniq_menkaure, uniq_prince_ribbit1
D:8:      layout_basic, nicolae_overflow_hidden_temple, special_room
          [special_room_orc], hangedman_pestilent_swarm
D:9:      layout_roguey [special_room_orc], gammafunk_temple_overflow_wave,
          uniq_erica, uniq_maurice, uniq_harold
D:10:     layout_loops_ring, orc_0_dummy
D:11:     layout_loops_ring, david_lair_generic, serial_shops,
          nicolae_shop_window_shopping, nicolae_good_shop
D:12:     layout_basic, basic_altar

Skill      XL: |  1  2  3  4  5  6  7  8  9 10 11 12 |
---------------+-------------------------------------+-----
Long Blades    | 3 4 5 6 7 9 10 | 10.8
Dodging        | 2 3 4 5 6 8 9 |  9.7
Armour         | 3 4 5 6 7 8 9 |  9.0
Fighting       | 4 5 6 8 9 |  9.4

Action                   |  1- 3 |  4- 6 |  7- 9 | 10-12 || total
-------------------------+-------+-------+-------+-------++-------
Melee: Falchion          |   126 |   165 |   172 |       ||   463
       Great sword       |       |       |    21 |   283 ||   304
Invok: Berserk           |     1 |     4 |     4 |     1 ||    10
  Use: Potion            |       |     3 |       |       ||     3
       Scroll            |       |       |    14 |       ||    14
  Eat: Chunk             |     1 |    11 |    10 |    12 ||    34
       Ration            |       |     1 |     1 |       ||     2
Armor: Animal skin       |    47 |    27 |       |       ||    74
       Skin              |       |    26 |       |       ||    26
       Ring mail         |       |    23 |    62 |   104 ||   189
Dodge: Dodged            |    83 |    96 |   177 |   268 ||   624
       Rpst.: Falchion   |    24 |    30 |    42 |       ||    96
       Great sword       |       |       |     8 |    75 ||    83

Table legend:
 A = Non-vault XP
 B = Vault XP
 C = Vault XP percentage of total XP
 D = Non-vault monster count
 E = Vault monster count
 F = Vault count percentage of total count
                 A         B        C        D         E       F
            +---------+---------+-------+---------+---------+-------
      Total |   17033 |    4864 |  22.2 |     264 |      79 |  23.0
            +---------+---------+-------+---------+---------+-------
        D:1 |      41 |       0 |   0.0 |      20 |       0 |   0.0
        D:2 |      61 |       0 |   0.0 |      16 |       0 |   0.0
        D:3 |     117 |      39 |  25.0 |      15 |      14 |  48.3
        D:4 |     128 |      32 |  20.0 |      15 |       1 |   6.2
        D:5 |    1043 |       0 |   0.0 |      34 |       0 |   0.0
        D:6 |     836 |       0 |   0.0 |      21 |       0 |   0.0
        D:7 |    1496 |     440 |  22.7 |      26 |       2 |   7.1
        D:8 |    1118 |     784 |  41.2 |      20 |      30 |  60.0
        D:9 |    2290 |    2619 |  53.4 |      20 |      28 |  58.3
       D:10 |    1245 |       0 |   0.0 |      28 |       0 |   0.0
       D:11 |    6679 |     950 |  12.5 |      41 |       4 |   8.9
       D:12 |    1979 |       0 |   0.0 |       8 |       0 |   0.0
            +---------+---------+-------+---------+---------+-------
